 Dungeon Crawl Stone Soup version 0.16.0-17-g811c1d7 (webtiles) character file.

362 valak23 the Covert (level 6, -1/41 HPs)
             Began as an Octopode Assassin on Mar 21, 2015.
             Slain by a human zombie (8 damage)
             ... in an ossuary.
             The game lasted 00:12:54 (3013 turns).

valak23 the Covert (Octopode Assassin)              Turns: 3013, Time: 00:12:55

Health: -1/41      AC:  1    Str: 11    XL:     6   Next: 66%
Magic:  6/6        EV: 18    Int: 13    God:    Xom [...*..]
Gold:   206        SH:  0    Dex: 20    Spells: 0 memorised, 5 levels left

rFire  . . .     SeeInvis .     a - +5 dagger
rCold  . . .     Clarity  .     (no shield)
rNeg   . . .     SustAb   .     (helmet restricted)
rPois  .         Gourm    .     (no amulet)
rElec  .         Spirit   .     d - ring of invisibility (curse)
rCorr  .         Warding  .     (no ring)
rMut   .         Stasis   .     (no ring)
MR     .....                    (no ring)
Stlth  +++++++...               (no ring)
                                (no ring)
                                (no ring)
                                (no ring)

@: agile, marked, not resistant to hostile enchantments, extremely stealthy
A: almost no armour, amphibious, 8 rings, constrict 8, camouflage 1, gelatinous
body 1
a: Renounce Religion, Evoke Invisibility


You were in an ossuary.
You worshipped Xom.
You were a favourite toy of Xom.
You were not hungry.

You visited 1 branch of the dungeon, and saw 4 of its levels.
You also visited: Ossuary.

You collected 206 gold pieces.

Inventory:

Hand weapons
 a - a +5 dagger (weapon)
 b - a +0 blowgun
Missiles
 e - 50 poisoned needles
 f - 2 curare-tipped needles
Jewellery
 d - a cursed ring of invisibility (left tentacle)
Magical devices
 n - a wand of flame (38)
Scrolls
 l - 3 scrolls of recharging
 p - 3 scrolls of identify
 s - a scroll of blinking {unknown}
 t - a scroll of enchant weapon
Potions
 c - 3 potions of heal wounds {unknown}
 h - a potion of mutation {unknown}
 i - a potion of haste {unknown}
 j - 6 potions of curing {unknown}
 k - a potion of agility {unknown}
 o - 3 potions of restore abilities {unknown}
 q - a potion of lignification {unknown}
 u - a potion of beneficial mutation {unknown}
Books
 r - a Fen Folio

   Spells                             Type                      Level
   a - Corpse Rot                     Necromancy                   2
   b - Stone Arrow                    Conjuration/Earth            3
   c - Leda's Liquefaction            Hexes/Earth                  4
   d - Summon Forest                  Summoning/Translocation      5
   e - Hydra Form                     Transmutation                6
   f - Summon Hydra                   Summoning                    7
Comestibles
 g - 4 bread rations
 m - 4 meat rations


   Skills:
 + Level 2.5 Fighting
 + Level 2.6 Short Blades
 + Level 2.1 Throwing
 + Level 2.0 Dodging
 * Level 9.7 Stealth


You had 5 spell levels left.
You didn't know any spells.

Dungeon Overview and Level Annotations

Branches:
Dungeon (4/15)
 Temple: D:4-7

Altars:
Fedhas
Vehumet
Xom
Zin


Innate Abilities, Weirdness & Mutations

You cannot wear most types of armour.
You are amphibious.
You can wear up to eight rings at the same time.
You can use your tentacles to constrict many enemies at once.
Your skin changes colour to match your surroundings (Stealth).
Your rubbery body absorbs attacks (AC +1).


Message History

You hit the orc zombie!
You destroy the orc zombie!
Xom smiles on you.
You feel agile all of a sudden.
You hit the kobold zombie. You grab the kobold zombie.
You squeeze the kobold zombie.
You destroy the kobold zombie!
An adder zombie comes into view.
A big kobold zombie comes into view.
The human zombie hits you.
* * * LOW HITPOINT WARNING * * *
The adder zombie bites you.
* * * LOW HITPOINT WARNING * * *
You are too injured to fight recklessly!
You are too injured to fight recklessly!
You are too injured to fight recklessly!
You are too injured to fight recklessly!
The human zombie hits you!
You die...
Xom snickers!

#...# #...# #...#
#...# #...# #...#
#...# ....+####...#
#...### #.∩.....#...#
#...#.. #.......#...#
#...#Z# #.......#...#
#...#Z####.......#...#
#...#Z..MZZZ.....#...#
#...#@####Z.####.#...#
#...#.# #..# #...#
#...#.. #^.# #...#
#...######.^######...#
#....................#
#........8..8........#
#....................#
#....................#
######################


You could see a mummy, an adder zombie, a rat zombie, a big kobold zombie, an
orc zombie, an elf zombie and a human zombie.

Vanquished Creatures
  An elf zombie (Ossuary)
  A scorpion (D:4)
  2 hounds (D:4)
  2 big kobold zombies (Ossuary)
  A mummy (Ossuary)
  2 adders
  A worm (D:2)
  2 giant mites
  An adder zombie (Ossuary)
  4 giant geckos
  2 oozes
  2 orcs (D:3)
  7 bats
  12 goblins
  9 hobgoblins
  3 jackals (D:2)
  9 kobolds
  3 ball pythons
  5 giant cockroaches
  3 hobgoblin zombies (Ossuary)
  10 kobold zombies (Ossuary)
  11 orc zombies (Ossuary)
  A quokka skeleton (D:4)
  3 rats
97 creatures vanquished.

Notes
Turn   | Place    | Note
--------------------------------------------------------------
     0 | D:1      | valak23, the Octopode Assassin, began the quest for the Orb.
     0 | D:1      | Reached XP level 1. HP: 14/14 MP: 1/1
    41 | D:1      | Reached XP level 2. HP: 19/19 MP: 2/2
    46 | D:1      | Reached skill level 6 in Stealth
   322 | D:1      | Reached XP level 3. HP: 20/24 MP: 3/3
  1335 | D:2      | Reached skill level 7 in Stealth
  1389 | D:2      | Reached XP level 4. HP: 21/29 MP: 4/4
  2116 | D:3      | Found a glowing silver altar of Zin.
  2206 | D:3      | Found a shimmering altar of Xom.
  2220 | D:3      | Became a worshipper of Xom of Chaos
  2357 | D:3      | XOM: harmless Pois miscast
  2474 | D:3      | XOM: divination: detect creatures
  2501 | D:3      | XOM is BORED!
  2501 | D:3      | XOM: harmless Air miscast
  2668 | D:4      | Found a blossoming altar of Fedhas.
  2729 | D:4      | Reached skill level 8 in Stealth
  2729 | D:4      | Reached XP level 5. HP: 34/34 MP: 5/5
  2812 | D:4      | XOM: vitrification
  2834 | D:4      | Found a radiant altar of Vehumet.
  2875 | D:4      | Found a sand-covered staircase.
  2880 | Ossuary  | Entered an ossuary
  2895 | Ossuary  | Reached skill level 9 in Stealth
  2898 | Ossuary  | Reached XP level 6. HP: 35/40 MP: 6/6
  3010 | Ossuary  | XOM: potion effect (agility)
  3013 | Ossuary  | Slain by a human zombie

Action                   |  1- 3 |  4- 6 || total
-------------------------+-------+-------++-------
Melee: Dagger            |    60 |   113 ||   173
  Use: Scroll            |     6 |     8 ||    14
 Stab: Sleeping          |     7 |    18 ||    25
       Distracted        |       |     1 ||     1
  Eat: Bread ration      |     1 |     1 ||     2
